 Dungeon Crawl Stone Soup version 0.17-a0-2231-gd80ca38 (webtiles) character file.

15892 DarkTechnomancer the Protected (level 12, -8/109 HPs)
             Began as a Deep Dwarf Fighter on Nov 2, 2015.
             Was a High Priest of Makhleb.
             Mangled by an orc knight
             ... wielding a cursed +0 long sword
              (17 damage)
             ... on level 2 of the Orcish Mines.
             The game lasted 01:28:55 (10176 turns).

DarkTechnomancer the Protected (DDFi)              Turns: 10176, Time: 01:28:55

Health: -8/109     AC: 21    Str: 25    XL:     12   Next: 5%
Magic:  11/11      EV: 10    Int:  9    God:    Makhleb [*****.]
Gold:   874        SH:  0    Dex: 12    Spells: 0 memorised, 11 levels left

rFire  . . .     SeeInvis .     X - +3 battleaxe
rCold  . . .     Clarity  .     n - +0 plate armour
rNeg   . . .     SustAt   .     (no shield)
rPois  .         Gourm    .     c - +0 helmet
rElec  .         Spirit   .     Y - +0 cloak
rCorr  .         Warding  .     I - +2 pair of gloves {archery}
rMut   .         Stasis   .     (no boots)
MR     +....                    x - amulet of faith
Stlth  ..........               t - ring of stealth
                                y - ring of invisibility

@: very slightly contaminated, non-regenerating, hasted, drained, invisible,
very quick, somewhat resistant to hostile enchantments, extremely unstealthy
A: damage resistance, recharge devices, sense surroundings 2, slow regeneration
3
a: Device Recharging, Minor Destruction, Lesser Servant of Makhleb, Major
Destruction, Greater Servant of Makhleb, Renounce Religion


You were on level 2 of the Orcish Mines.
You worshipped Makhleb.
Makhleb was extremely pleased with you.
You were not hungry.

You visited 3 branches of the dungeon, and saw 14 of its levels.
You also visited: Sewer and Ossuary.

You collected 874 gold pieces.

Inventory:

Hand Weapons
 a - a +1 war axe
 k - the +1 flail of Starshine {drain, -Tele rElec rN+}
   (You found it on level 4 of the Dungeon)

   A truly terrible weapon, it drains the life of those it strikes.
   It insulates you from electricity.
   It protects you from negative energy.
   It prevents most forms of teleportation.
 p - a +0 mace of holy wrath
 X - a +3 battleaxe (weapon)
Missiles
 V - 3 throwing nets (quivered)
Armour
 c - a +0 helmet (worn)
 n - a +0 plate armour (worn)
 I - a +2 pair of gloves of archery (worn)
 Y - a +0 cloak (worn)
Magical Staves
 S - an uncursed staff of summoning
Jewellery
 j - an uncursed amulet of resist mutation
 s - an uncursed ring of fire
 t - a ring of stealth (right hand)
 x - an amulet of faith (around neck)
 y - a ring of invisibility (left hand)
 C - a cursed ring of teleportation {unknown}
 E - a cursed -2 ring of intelligence {unknown}
 F - an uncursed amulet of the gourmand {unknown}
 R - an uncursed ring of ice
 W - an uncursed amulet of rage
Wands
 d - a wand of hasting (0)
 e - a wand of heal wounds (0)
 o - a wand of fire (2)
Scrolls
 g - 6 scrolls of teleportation
 i - 2 scrolls of magic mapping
 l - 4 scrolls of blinking
 m - 9 scrolls of remove curse
 w - a scroll of recharging
 P - 5 scrolls of amnesia
 U - a scroll of identify
Potions
 h - 5 potions of curing
 q - a potion of flight
 u - a potion of magic
 B - 4 potions of berserk rage
 D - 3 potions of haste
 G - a potion of cure mutation
 J - 2 potions of ambrosia
 M - 3 potions of agility
Comestibles
 b - 3 beef jerkies
 f - 4 bread rations
 r - a slice of pizza
 z - 8 fruits
 A - 10 royal jellies
 H - 9 chunks of flesh
 L - 10 meat rations


   Skills:
 + Level 7.5(7.2) Fighting
 + Level 8.7(8.4) Axes
 + Level 11.4(11.1) Armour
 + Level 7.9(7.7) Dodging
   Level 9.6(9.3) Shields
 + Level 7.3(7.0) Invocations
 - Level 6.2(6.0) Evocations


You had 11 spell levels left.
You didn't know any spells.

Dungeon Overview and Level Annotations

Branches:
Dungeon (11/15)            Temple (1/1) D:5            Lair (0/8) D:11
    Orc (2/4) D:10

Altars:
Ashenzari
Cheibriados
Dithmenos
Elyvilon
Fedhas
Gozag
Kikubaaqudgha
Makhleb
Nemelex Xobeh
Okawaru
Qazlal
Ru
Sif Muna
Trog
Vehumet
Xom
Yredelemnul
Zin
The Shining One

Shops:
D:8 :   D:10 }


Innate Abilities, Weirdness & Mutations

You are resistant to damage.
You can recharge devices by infusing magical energy.
You passively map the area around you.
You do not regenerate naturally.


Message History

You barely miss the orc warrior. You closely miss the orc.
The orc warrior hits you with a halberd!
* * * LOW HITPOINT WARNING * * *
The orc knight hits you but does no damage.
The orc hits you with a trident of piercing.
* * * LOW HITPOINT WARNING * * *
You hit the orc knight.
The orc knight is moderately wounded.
You hit the orc warrior.
The orc warrior is lightly wounded.
You slash the orc!
You kill the orc!
Makhleb accepts your kill.
You feel better.
The orc warrior hits you with a halberd!!
* * * LOW HITPOINT WARNING * * *
Drink which item? (? for menu, Esc to quit)
You fade into invisibility!
The orc knight hits you with a long sword!!
You die...

** ,,* * , , *,
#........ , ,, , *
#.* * #........ * ,,
... #.......# ** * ,
...#* ##......### ,
,
,....###.........##
, * , ,
......#..........##
* , , ....$...)o..#
,...## ,, #...o@#
....# , ,,
*###..).#######....#
,
#.........##()....#
,
..........##))).####
, ,
............<...#
....#.##.......## ,
....## #.......# #..
*##.##..## * #.
####.##


You could see an orc knight and an orc warrior.

Vanquished Creatures
  Josephine (D:10)
  A hydra (D:11)
  Erolcha (Orc:2)
  Erica (D:11)
  4 hill giants
  Pikel (D:7)
  An orc sorcerer (Orc:2)
  Maurice (D:8)
  Joseph (D:8)
  Psyche (D:9)
  A gargoyle (D:10)
  2 trolls
  2 two-headed ogres
  5 wraiths (D:10)
  2 deep elf magi
  Eustachio (D:5)
  11 yaks
  2 hungry ghosts
  A soldier ant (D:8)
  Edmund (D:4)
  A spider (D:8)
  Purgy (Sewer)
  An eye of draining (D:10)
  5 orc warriors
  A phantom (D:10)
  3 sky beasts
  An ice beast (D:8)
  A crocodile (D:8)
  7 ogres
  2 wasps
  7 centaurs
  An elf zombie (Ossuary)
  Blork the orc (D:4)
  2 big kobolds
  5 giant frogs
  7 scorpions
  5 crimson imps
  8 orc priests
  A giant frog zombie (D:4)
  A human zombie (Ossuary)
  A quasit (D:10)
  A centaur skeleton (D:5)
  2 giant frog skeletons
  2 jellies
  5 hounds
  2 iguanas
  15 orc wizards
  Terence (D:3)
  9 worker ants
  4 mummies (Ossuary)
  6 adders
  3 gnolls
  3 shadow imps
  2 adder zombies (Ossuary)
  2 worms
  An adder skeleton (D:6)
  9 giant geckos
  59 orcs
  2 ball pythons
  6 giant cockroaches
  5 hobgoblins
  7 kobolds
  3 quokkas
  5 bats
  A giant gecko zombie (D:5)
  5 giant newts
  A gnoll zombie (Ossuary)
  9 goblins
  A goblin zombie (Ossuary)
  A hobgoblin zombie (Ossuary)
  4 jackals (D:2)
  A jackal zombie (Ossuary)
  2 kobold zombies (Ossuary)
  An orc zombie (Ossuary)
  A quokka skeleton (D:4)
  9 rats
  A rat zombie (Ossuary)
294 creatures vanquished.

Vanquished Creatures (others)
  A gnoll (D:7)
1 creature vanquished.

Grand Total: 295 creatures vanquished

Notes
Turn   | Place    | Note
--------------------------------------------------------------
     0 | D:1      | DarkTechnomancer the Deep Dwarf Fighter began the quest for the Orb.
     0 | D:1      | Reached XP level 1. HP: 20/20 MP: 1/1
   155 | D:1      | Reached skill level 1 in Evocations
   380 | D:1      | Reached XP level 2. HP: 18/27 MP: 2/2
   963 | D:2      | Reached XP level 3. HP: 31/33 MP: 4/4
  1293 | D:3      | You fall through a shaft!
  1327 | D:4      | Got an iridescent flail
  1388 | D:3      | Identified the +1 flail of Starshine {drain, -Tele rElec rN+} (You found it on level 4 of the Dungeon)
  1653 | D:3      | Noticed Terence
  1671 | D:3      | Killed Terence
  1671 | D:3      | Reached XP level 4. HP: 24/40 MP: 5/5
  2038 | D:3      | Reached skill level 1 in Dodging
  2082 | D:3      | Reached skill level 4 in Armour
  2227 | D:4      | Reached XP level 5. HP: 49/49 MP: 6/6
  2232 | D:4      | Noticed Blork the orc
  2243 | D:4      | Killed Blork the orc
  2534 | D:4      | Reached XP level 6. HP: 42/56 MP: 8/8
  2549 | D:4      | Noticed a scorpion
  2572 | D:4      | Killed a scorpion
  2890 | D:4      | Noticed Edmund
  2926 | D:4      | Killed Edmund
  3098 | D:5      | Entered Level 5 of the Dungeon
  3137 | D:5      | Noticed Eustachio
  3195 | D:5      | Killed Eustachio
  3195 | D:5      | Reached XP level 7. HP: 24/63 MP: 8/8
  3272 | D:5      | Found a glowing drain.
  3276 | Sewer    | Entered a sewer
  3290 | Sewer    | Reached skill level 5 in Armour
  3377 | Sewer    | Reached skill level 5 in Shields
  3413 | Sewer    | Noticed Purgy
  3428 | Sewer    | Killed Purgy
  3510 | D:5      | Found a staircase to the Ecumenical Temple.
  3517 | Temple   | Entered the Ecumenical Temple
  4127 | D:5      | Reached skill level 5 in Axes
  4127 | D:5      | Reached XP level 8. HP: 21/72 MP: 10/10
  4825 | D:6      | Reached skill level 6 in Armour
  4842 | D:6      | Reached skill level 5 in Evocations
  5555 | D:7      | Found a sand-covered staircase.
  5566 | Ossuary  | Entered an ossuary
  5650 | Ossuary  | Gained mutation: You passively map the area around you. [Deep Dwarf growth]
  5650 | Ossuary  | Reached XP level 9. HP: 67/79 MP: 11/11
  6038 | D:7      | Noticed Pikel
  6062 | D:7      | Killed Pikel
  6062 | D:7      | Reached skill level 5 in Fighting
  6062 | D:7      | Reached skill level 7 in Armour
  6392 | D:8      | Reached skill level 5 in Dodging
  6435 | D:8      | Found Kennuepp's Book Boutique.
  6460 | D:8      | Identified a scroll of acquirement
  6530 | D:8      | Found a burning altar of Makhleb.
  6539 | D:8      | Became a worshipper of Makhleb the Destroyer
  6608 | D:8      | Found a shadowy altar of Dithmenos.
  6625 | D:8      | Found a glowing golden altar of the Shining One.
  6786 | D:8      | Noticed Maurice
  6799 | D:8      | Killed Maurice
  6799 | D:8      | Reached skill level 1 in Invocations
  6807 | D:8      | Reached skill level 8 in Armour
  6972 | D:8      | Noticed Joseph
  7026 | D:8      | Killed Joseph
  7026 | D:8      | Reached XP level 10. HP: 35/88 MP: 12/12
  7082 | D:8      | Paralysed by a wasp for 3 turns
  7160 | D:8      | Reached * piety under Makhleb
  7470 | D:9      | Got an ominously black robe
  7474 | D:9      | Noticed Psyche
  7511 | D:9      | Killed Psyche
  7533 | D:9      | Reached skill level 9 in Armour
  8067 | D:9      | Identified the cursed +1 robe of Sulun {rC+} (You found it on level 9 of the Dungeon)
  8277 | D:10     | Entered Level 10 of the Dungeon
  8323 | D:10     | Reached ** piety under Makhleb
  8487 | D:10     | Noticed a hill giant
  8500 | D:10     | Killed a hill giant
  8518 | D:10     | Noticed Josephine
  8565 | D:10     | Killed Josephine
  8565 | D:10     | Reached skill level 5 in Invocations
  8565 | D:10     | Reached XP level 11. HP: 63/97 MP: 12/12
  8642 | D:10     | Reached skill level 10 in Armour
  8772 | D:10     | Found a staircase to the Orcish Mines.
  9158 | D:10     | Found Beatyeh's Quality Used Wands.
  9198 | D:10     | Reached *** piety under Makhleb
  9306 | D:11     | Found a staircase to the Lair.
  9313 | D:11     | Noticed a hill giant
  9338 | D:11     | Killed a hill giant
  9364 | D:11     | Noticed Erica
  9377 | D:11     | Killed Erica
  9407 | D:11     | Noticed a hill giant
  9426 | D:11     | Killed a hill giant
  9647 | D:11     | Reached **** piety under Makhleb
  9679 | D:11     | Noticed a four-headed hydra
  9685 | D:11     | Noticed a hill giant
  9703 | D:11     | Killed a four-headed hydra
  9703 | D:11     | Reached skill level 11 in Armour
  9716 | D:11     | Killed a hill giant
  9837 | Orc:1    | Entered Level 1 of the Orcish Mines
  9895 | Orc:2    | Noticed Erolcha
  9912 | Orc:2    | Killed Erolcha
  9954 | Orc:1    | Reached XP level 12. HP: 33/109 MP: 11/11
 10163 | Orc:2    | Reached ***** piety under Makhleb
 10176 | Orc:2    | Mangled by an orc knight

Vault maps used:
D:1:      dpeg_arrival_arbitrary_c, grunt_decor_one_mirror
D:3:      uniq_terence
D:4:      lemuel_upstairs_altar, first_bread, uniq_edmund, uniq_grinder,
          uniq_blork_the_orc
D:5:      temple_fountains, serial_glass, glass_columns_a, glass_columns_c,
          gup_sewer_entry_bowl, uniq_eustachio
D:6:      nicolae_water_bricks
D:7:      enter_ossuary_3, uniq_pikel
D:8:      overflow_temple_1_default, gammafunk_temple_overflow_pools,
          serial_shops, nicolae_shop_trees, hangedman_pestilent_swarm,
          uniq_maurice, uniq_joseph
D:9:      kennysheep_generic_room_8, uniq_psyche
D:10:     orc_0_dummy, minmay_statues_item, nicolae_for_you_no_charge,
          uniq_josephine
D:11:     eino_jars, uniq_erica
Temple:   nicolae_temple_x_marks_the_god_16
Orc:2:    nicolae_orc_accident_1, serial_shops, nicolae_shop_crystal,
          uniq_erolcha
Sewer:    kennysheep_door_sewer
Ossuary:  ossuary_minmay_tomb_2a

Action                   |  1- 3 |  4- 6 |  7- 9 | 10-12 || total
-------------------------+-------+-------+-------+-------++-------
Melee: War axe           |   152 |    49 |    26 |    42 ||   269
       Flail             |    18 |   102 |   388 |   463 ||   971
       Mace              |       |    11 |    92 |    40 ||   143
       Battleaxe         |       |       |       |   214 ||   214
Invok: Lesser Servant of |       |       |       |     2 ||     2
 Abil: Device Recharging |       |     1 |     1 |     4 ||     6
Evoke: Wand              |     1 |     5 |    12 |    23 ||    41
  Use: Scroll            |       |       |    25 |     8 ||    33
       Potion            |       |       |       |     5 ||     5
 Stab: Paralysed         |       |       |    11 |       ||    11
  Eat: Chunk             |     2 |     5 |    12 |    14 ||    33
       Pizza             |       |       |     1 |       ||     1
       Beef jerky        |       |       |       |     4 ||     4
       Bread ration      |       |       |       |     2 ||     2
